 Dungeon Crawl Stone Soup version 0.23.0-3-gf3c87f2 (webtiles) character file.

Game seed: 1844288516041506577

291 Kairos the Grave Robber (level 6, -2/28 HPs)
             Began as a Vine Stalker Necromancer on Feb 20, 2019.
             Was an Initiate of Vehumet.
             Slain by an orc wizard
             ... wielding a +1 dagger of electrocution
              (4 damage)
             ... on level 4 of the Dungeon.
             The game lasted 00:26:06 (3434 turns).

Kairos the Grave Robber (Vine Stalker Necromancer)  Turns: 3434, Time: 00:26:07

Health: -2/28      AC: 10    Str: 12    XL:     6   Next: 32%
Magic:  0/22       EV: 19    Int: 20    God:    Vehumet [......]
Gold:   164        SH:  0    Dex: 24    Spells: 12/14 levels left

rFire    . . .     SeeInvis .   B - +8 trident of Cynt {elec, Dex+4}
rCold    + . .     Gourm    .   (no shield)
rNeg     . . .     Faith    .   g - +2 ring mail {rC+}
rPois    .         Spirit   +   n - +0 helmet
rElec    .         Reflect  .   (no cloak)
rCorr    .         Harm     .   (no gloves)
MR       .....                  y - +1 pair of boots
Stlth    ++........             (no amulet)
HPRegen  0.49/turn              e - +3 ring of evasion
MPRegen  0.18/turn              a - ring of magical power

@: confused, brilliant, agile, lightly drained
A: fangs 2, deterioration 1, mutation resistance 1, regeneration 1, magic
shield, antimagic bite, no potion heal 3, rot immunity
a: Renounce Religion


You were on level 4 of the Dungeon.
You worshipped Vehumet.
Vehumet was noncommittal.
You were not hungry.

You visited 1 branch of the dungeon, and saw 4 of its levels.

You collected 164 gold pieces.

Inventory:

Hand Weapons
 B - the +8 trident of Cynt (weapon) {elec, Dex+4}
   (You found it on level 4 of the Dungeon)

   Occasionally, upon striking a foe, it will discharge some electrical energy
   and cause terrible harm.
   It affects your dexterity (+4).
 C - a +2 flail of draining
Missiles
 D - 2 throwing nets (quivered)
Armour
 g - a +2 ring mail of cold resistance (worn)
 n - a +0 helmet (worn)
 y - a +1 pair of boots (worn)
Magical Staves
 u - an uncursed staff of power
Jewellery
 a - a ring of magical power (right hand)
 e - a +3 ring of evasion (left hand)
 f - an uncursed ring of fire
 h - an uncursed ring of protection from magic
Wands
 s - a wand of enslavement (7)
Scrolls
 k - a scroll of remove curse
 q - a scroll of identify {unknown}
 t - 2 scrolls of amnesia {unknown}
 w - a scroll of noise {unknown}
 x - a scroll of immolation {unknown}
 z - a scroll of fear {unknown}
Potions
 b - 3 potions of curing {unknown}
 d - a potion of mutation
 i - a potion of magic {unknown}
 m - 2 potions of haste {unknown}
 o - 2 potions of agility
 p - a potion of brilliance
 r - a potion of heal wounds {unknown}
 v - a potion of flight {unknown}
 A - a potion of lignification {unknown}
Comestibles
 c - 10 rations
 j - a chunk of flesh


   Skills:
 + Level 0.1(0.0) Fighting
   Level 0.1(0.0) Short Blades
 + Level 0.1(0.0) Polearms
 + Level 0.2(0.0) Staves
 + Level 0.6(0.3) Armour
 + Level 1.7(1.4) Dodging
 * Level 3.7(3.4) Stealth
 + Level 4.5(4.1) Spellcasting
 + Level 5.4(5.0) Necromancy


You had 12 spell levels left.
You knew the following spells:

 Your Spells              Type           Power        Failure   Level  Hunger
a - Pain                  Necr           ####         1%          1    None
b - Animate Skeleton      Necr           N/A          1%          1    None

Your spell library contained the following spells:

 Spells                   Type           Power        Failure   Level  Hunger
 Vampiric Draining        Necr           #####.....   1%          3    ###....
 Regeneration             Chrm/Necr      ####......   3%          3    ###....
 Animate Dead             Necr           N/A          4%          4    ####...


Dungeon Overview and Level Annotations

Branches:
Dungeon (4/15)
 Temple: D:4-7

Altars:
Ru
Sif Muna
Trog
Uskayaw
Vehumet
Xom


Innate Abilities, Weirdness & Mutations

You have extremely sharp teeth.
Your natural rate of healing is unusually fast.
When hurt, damage is shared between your health and your magic reserves.
Your bite disrupts and absorbs the magic of your enemies.
Potions cannot restore your health.
You are immune to rotting.
Your body sometimes deteriorates upon taking damage.
You are somewhat resistant to further mutation.


Message History

You puncture the worker ant!
Lightning courses through the worker ant!
You kill the worker ant!
Vehumet accepts your kill. The phantom closely misses you.
It was a potion of agility.
You feel agile all of a sudden. Something hits you but does no damage.
You are electrocuted!
* * * LOW HITPOINT WARNING * * *
The phantom barely misses you.
It was a potion of mutation.
You feel extremely strange.
You feel yourself wasting away.
You feel genetically stable. Something barely misses you.
An orc wizard comes into view. It is wielding a +0 dagger.
The phantom barely misses you.
You're too confused!
It was a potion of brilliance.
You feel clever all of a sudden. Something hits you.
You die...

#.# ....#
#.# ...
#.###.##.##
#..o....o.#
#..##.####..
#..# .# #..#
.. #..#####
#@.....#
#W####.# #)#
#.#
#######.#
#.#
#.......#
#.#
#.#######
#.# #.# #.#
#.# ### #.#
#.# ##.##
#.# ##.


You could see a phantom and an orc wizard (wandering).

Vanquished Creatures
  2 howler monkeys (D:4)
  An iguana (D:4)
  2 worker ants
  4 gnolls (D:4)
  2 adders
  An ooze (D:3)
  An adder skeleton (D:4)
  3 worms
  2 leopard geckos
  2 orcs
  9 bats
  4 giant cockroaches
  5 goblins
  10 hobgoblins
  3 jackals (D:1)
  A kobold (D:2)
  A ball python (D:1)
  6 frilled lizards
  10 rats
69 creatures vanquished.

Vanquished Creatures (others)
  An orc wizard (D:3)
  An orc (D:3)
2 creatures vanquished.

Grand Total: 71 creatures vanquished

Notes
Turn   | Place    | Note
-------+----------+-------------------------------------------
     0 | D:1      | Kairos the Vine Stalker Necromancer began the quest for the
                  | Orb.
     0 | D:1      | Reached XP level 1. HP: 9/9 MP: 4/4
   250 | D:1      | Reached XP level 2. HP: 9/13 MP: 1/6
   987 | D:2      | Found a hide-covered altar of Uskayaw.
   995 | D:2      | Reached XP level 3. HP: 8/16 MP: 3/7
  1665 | D:2      | Found a deep blue altar of Sif Muna.
  1665 | D:2      | Found a shimmering altar of Xom.
  1670 | D:2      | Found a bloodstained altar of Trog.
  1673 | D:2      | Found a sacrificial altar of Ru.
  1674 | D:2      | Found a faded altar of an unknown god.
  1793 | D:2      | Found a faded altar of an unknown god.
  2012 | D:3      | Found a radiant altar of Vehumet.
  2023 | D:3      | Learned a level 1 spell: Animate Skeleton
  2419 | D:3      | Gained mutation: Your natural rate of healing is unusually
                  | fast. [Vine Stalker growth]
  2419 | D:3      | Reached XP level 4. HP: 19/21 MP: 9/9
  2924 | D:3      | Reached skill level 5 in Necromancy
  3065 | D:3      | Became a worshipper of Vehumet
  3144 | D:4      | Reached XP level 5. HP: 10/24 MP: 11/11
  3189 | D:4      | Got a faintly glowing trident
  3190 | D:4      | Identified the +8 trident of Cynt {elec, Dex+4} (You found
                  | it on level 4 of the Dungeon)
  3291 | D:4      | Reached XP level 6. HP: 24/28 MP: 13/13
  3410 | D:4      | Noticed a phantom
  3432 | D:4      | HP: 1/28 [something (9)]
  3433 | D:4      | Gained mutation: Your body sometimes deteriorates upon
                  | taking damage. [potion of mutation]
  3433 | D:4      | Gained mutation: You are somewhat resistant to further
                  | mutation. [potion of mutation]
  3434 | D:4      | Slain by an orc wizard

Skill      XL: |  1  2  3  4  5 |
---------------+----------------+-----
Spellcasting   | 3 4 |  4.5
Necromancy     | 5 |  5.4
Stealth        | 3 |  3.7
Fighting       | |  0.1
Short Blades   | |  0.1
Polearms       | |  0.1
Staves         | |  0.2
Armour         | |  0.6
Dodging        | |  1.7

Action                   |  1- 3 |  4- 6 || total
-------------------------+-------+-------++-------
Melee: Dagger            |    30 |       ||    30
       Bite              |     9 |     6 ||    15
       Staff             |       |     8 ||     8
       Trident           |       |    20 ||    20
 Cast: Pain              |    73 |    65 ||   138
  Use: Scroll            |       |     1 ||     1
       Potion            |       |     3 ||     3
 Stab: Distracted        |       |     1 ||     1
  Eat: Chunk             |     2 |       ||     2
       Ration            |     1 |     1 ||     2
Armor: Robe              |     5 |       ||     5
       Ring mail         |    20 |    24 ||    44
Dodge: Dodged            |    34 |    43 ||    77
